 Dungeon Crawl Stone Soup version 0.21.1-1-g345015f (webtiles) character file.

1572 inc the Geomancer (level 8, 0/46 HPs)
             Began as an Octopode Earth Elementalist on June 11, 2018.
             Was an Initiate of Gozag.
             Slain by Edmund
             ... wielding a +1 dire flail of crushing
              (5 damage)
             ... on level 6 of the Dungeon.
             The game lasted 00:11:03 (6254 turns).

inc the Geomancer (Octopode Earth Elementalist)     Turns: 6254, Time: 00:11:04

Health: 0/46       AC:  1    Str:  8    XL:     8   Next: 90%
Magic:  2/11       EV: 13    Int: 19    God:    Gozag
Gold:   272        SH:  0    Dex: 12    Spells: 5/11 levels left

rFire    . . .     SeeInvis +   t - +1 flail (protect)
rCold    . . .     Gourm    .   (no shield)
rNeg     . . .     Faith    .   (helmet restricted)
rPois    .         Spirit   .   v - amulet of magic regeneration
rElec    .         Reflect  .   z - ring of see invisible
rCorr    .         Harm     .   (no ring)
MR       .....                  (no ring)
Stlth    +++.......             (no ring)
HPRegen  0.15/turn              (no ring)
MPRegen  0.37/turn              (no ring)
                                (no ring)
                                (no ring)

@: no status effects
A: almost no armour, stealthy swim, amphibious, 8 rings, constrict 8, camouflage
1, gelatinous body 1
a: Potion Petition, Call Merchant, Bribe Branch, Renounce Religion


You were on level 6 of the Dungeon.
You worshipped Gozag.
Gozag was aware of your devotion.
You were hungry.

You visited 1 branch of the dungeon, and saw 7 of its levels.
You also visited: Sewer.

You collected 414 gold pieces.
You paid 142 gold pieces to Gozag.

Inventory:

Hand Weapons
 l - a +0 whip
 t - a +1 flail of protection (weapon)
Missiles
 b - 88 stones (quivered)
Jewellery
 h - an uncursed amulet of faith
 v - an amulet of magic regeneration (around mantle)
 z - a ring of see invisible (left tentacle)
Wands
 u - a wand of disintegration (15)
 w - a wand of flame (31)
 C - a wand of clouds (4)
 D - a wand of enslavement (16)
 F - a wand of acid (10)
Scrolls
 a - 6 scrolls of teleportation
 k - a scroll of noise {unknown}
 o - a scroll of immolation
 x - a scroll of remove curse
 y - a scroll of fear {unknown}
 A - a scroll of amnesia {unknown}
Potions
 e - a potion of might {unknown}
 f - a potion of mutation {unknown}
 g - 3 potions of brilliance
 i - 4 potions of lignification
 j - a potion of agility {unknown}
 m - a potion of degeneration {unknown}
 n - 3 potions of curing
 p - 3 potions of heal wounds
 q - 2 potions of flight
 s - a potion of ambrosia {unknown}
Books
 d - a book of Geomancy

   Spells                             Type                      Level
   a - Sandblast                      Earth                        1
   b - Passwall                       Transmutation/Earth          2
   c - Stone Arrow                    Conjuration/Earth            3
   d - Petrify                        Transmutation/Earth          4
   e - Lee's Rapid Deconstruction     Earth                        5
 r - a book of Misfortune

   Spells                             Type                      Level
   a - Confusing Touch                Hexes                        1
   b - Confuse                        Hexes                        3
   c - Gell's Gravitas                Translocation                3
   d - Petrify                        Transmutation/Earth          4
   e - Metabolic Englaciation         Hexes/Ice                    5
   f - Yara's Violent Unravelling     Hexes/Transmutation          5
Comestibles
 c - 13 rations


   Skills:
 - Level 2.0 Dodging
 - Level 2.6 Stealth
 - Level 2.0 Spellcasting
 - Level 6.1 Conjurations
 - Level 1.0 Transmutations
 + Level 9.4 Earth Magic


You had 5 spell levels left.
You knew the following spells:

 Your Spells              Type           Power        Failure   Level  Hunger
a - Sandblast             Erth           #####.       1%          1    #......
b - Passwall              Tmut/Erth      ###.......   3%          2    ###....
c - Stone Arrow           Conj/Erth      ####..       1%          3    ###....


Dungeon Overview and Level Annotations

Branches:
Dungeon (7/15)
 Temple: D:4-7

Altars:
Dithmenos
Elyvilon
Gozag
Okawaru
Trog
Wu Jian

Annotations:
D:6 Edmund


Innate Abilities, Weirdness & Mutations

You cannot wear most types of armour.
You are very stealthy in the water. (Stealth+)
You are amphibious.
You can wear up to eight rings at the same time.
You can use your tentacles to constrict eight enemies at once.
Your skin changes colour to match your surroundings (Stealth+).
Your rubbery body absorbs attacks. (AC +1, EV +1)


Message History

Aiming: Sandblast
Press: ? - help, Shift-Dir - straight line, f/p - Edmund
Aim: Edmund, wielding a dire flail of crushing and wearing a runed chain mail (lightly wounded, fast)
The blast of sand hits Edmund.
Edmund is lightly wounded.
b - 89 stones Edmund hits you with a dire flail of crushing!
Casting: Sandblast
Confirm with . or Enter, or press ? or * to list all spells.
Aiming: Sandblast
Press: ? - help, Shift-Dir - straight line, f/p - Edmund
Aim: Edmund, wielding a dire flail of crushing and wearing a runed chain mail (lightly wounded, fast)
The blast of sand hits Edmund.
Edmund is heavily wounded.
b - 88 stones Edmund hits you with a dire flail of crushing!
* * * LOW HITPOINT WARNING * * *
x2 Edmund hits you with a dire flail of crushing.
You die...
Your body crumbles into a pile of gold.

#...# #.# *,,,,,,*
#...# #.# #......#
#...#####.#
#......#
'...'.....#
#......#
#...#######
#......# #...#
#......# #...#
##########......#
#...#
#.............?.#
#####
#.........@@#****
**#####...........#
****#####
,,................#
*,,,.....
,,..............:.#
*,*******
,,................#
*,*
,.................#
*,*
,.................#
*,* #####
,...........#######
*,* #....
**#.........# *,*
#....


You could see Edmund.

Vanquished Creatures
  Grinder (D:6)
  Menkaure (D:4)
  3 ogres
  A phantom (D:4)
  A centaur (D:6)
  A big kobold (Sewer)
  A scorpion (D:7)
  A crimson imp (D:7)
  A quasit (D:7)
  3 orc priests
  3 hounds
  A gnoll shaman (D:5)
  A jelly (D:5)
  2 orc wizards (D:4)
  A bullfrog skeleton (D:7)
  3 worker ants (D:4)
  A killer bee zombie (D:5)
  3 gnolls (D:5)
  4 adders
  A river rat (Sewer)
  3 shadow imps (D:7)
  An ooze (D:1)
  4 worms
  3 dart slugs
  2 leopard geckos (D:3)
  19 orcs
  7 giant cockroaches
  12 goblins
  9 hobgoblins
  11 jackals
  10 kobolds
  4 quokkas
  2 ball pythons
  12 bats
  3 frilled lizards
  A quokka skeleton (D:4)
  5 rats
142 creatures vanquished.

Notes
Turn   | Place    | Note
-------+----------+-------------------------------------------
     0 | D:1      | inc the Octopode Earth Elementalist began the quest for the Orb.
     0 | D:1      | Reached XP level 1. HP: 11/11 MP: 3/3
   270 | D:1      | Reached XP level 2. HP: 15/17 MP: 3/5
   408 | D:1      | Reached skill level 4 in Earth Magic
   587 | D:1      | Reached XP level 3. HP: 20/21 MP: 6/6
  1109 | D:2      | Reached XP level 4. HP: 21/27 MP: 3/7
  1625 | D:2      | Found a bloodstained altar of Trog.
  1894 | D:2      | Reached skill level 5 in Earth Magic
  2157 | D:3      | Found a glowing drain.
  2297 | Sewer    | Entered a sewer
  2373 | Sewer    | Noticed a big kobold
  2384 | Sewer    | Killed a big kobold
  2384 | Sewer    | Reached skill level 6 in Earth Magic
  2384 | Sewer    | Reached XP level 5. HP: 27/31 MP: 8/8
  2543 | Sewer    | Found a white marble altar of Elyvilon.
  3380 | D:4      | Reached XP level 6. HP: 32/36 MP: 9/9
  3392 | D:4      | Learned a level 2 spell: Passwall
  3396 | D:4      | Learned a level 3 spell: Stone Arrow
  3460 | D:4      | Reached skill level 1 in Conjurations
  3661 | D:4      | Noticed Menkaure
  3665 | D:4      | Killed Menkaure
  3678 | D:5      | Entered Level 5 of the Dungeon
  3805 | D:5      | Found a shadowy altar of Dithmenos.
  4031 | D:5      | Reached XP level 7. HP: 41/41 MP: 6/10
  4488 | D:5      | Found an iron altar of Okawaru.
  4493 | D:5      | Found a white marble altar of Elyvilon.
  4607 | D:4      | Reached skill level 5 in Conjurations
  5132 | D:4      | Reached XP level 8. HP: 46/46 MP: 6/11
  5445 | D:4      | Reached skill level 7 in Earth Magic
  5978 | D:7      | Reached skill level 8 in Earth Magic
  6095 | D:7      | Found an ornate altar of the Wu Jian Council.
  6095 | D:7      | Found an opulent altar of Gozag.
  6099 | D:7      | Became a worshipper of Gozag Ym Sagoz the Greedy
  6124 | D:6      | Noticed Grinder
  6128 | D:6      | Killed Grinder
  6128 | D:6      | Reached skill level 9 in Earth Magic
  6244 | D:6      | Noticed Edmund
  6254 | D:6      | Slain by Edmund

Skill      XL: |  1  2  3  4  5  6  7  8 |
---------------+-------------------------+-----
Earth Magic    | 4 6 9 |  9.4
Conjurations   | 3 6 |  6.1
Dodging        | |  2.0
Stealth        | |  2.6
Spellcasting   | |  2.0
Transmutations | |  1.0

Action                   |  1- 3 |  4- 6 |  7- 9 || total
-------------------------+-------+-------+-------++-------
Melee: Unarmed           |    61 |       |       ||    61
       Constrict         |    30 |    21 |    13 ||    64
       Tentacles         |    16 |    17 |     3 ||    36
       Whip              |    29 |    20 |       ||    49
       Flail             |       |    80 |    30 ||   110
 Cast: Sandblast         |    20 |    17 |    60 ||    97
       Stone Arrow       |       |     7 |    27 ||    34
  Use: Scroll            |       |     6 |     6 ||    12
 Stab: Sleeping          |     5 |    14 |       ||    19
  Eat: Chunk             |     1 |     9 |     8 ||    18
       Ration            |       |       |     1 ||     1
Armor: Skin              |    22 |    26 |     7 ||    55
Dodge: Dodged            |    98 |    82 |    36 ||   216
